 Dungeon Crawl Stone Soup version 0.18-a0-1800-gdc7a371 (webtiles) character file.

3712 Zhenya25pyc the Basher (level 10, -1/65 HPs)
             Began as a Gargoyle Fighter on Apr 23, 2016.
             Was a Believer of Okawaru.
             Slain by a water moccasin (5 damage)
             ... on level 10 of the Dungeon on Apr 24, 2016.
             The game lasted 00:33:14 (7333 turns).

Zhenya25pyc the Basher (Gargoyle Fighter)           Turns: 7333, Time: 00:33:15

Health: -1/65      AC: 27    Str: 24    XL:     10   Next: 14%
Magic:  9/9        EV:  5    Int:  9    God:    Okawaru [**....]
Gold:   331        SH:  9    Dex:  8    Spells: 0 memorised, 9 levels left

rFire  + + .     SeeInvis .     a - +2 mace (protect)
rCold  . . .     Gourm    .     y - +0 plate armour
rNeg   + . .     Faith    .     c - +0 shield
rPois  ∞         Spirit   .     (helmet restricted)
rElec  +         Dismiss  .     (no cloak)
rCorr  .         Reflect  .     s - +0 pair of gloves
SustAt +         Harm     .     (no boots)
MR     +....     Rnd*Rage +     (no amulet)
Stlth  ..........               e - ring of sustain attributes
                                x - ring of protection from fire

@: somewhat resistant to hostile enchantments, extremely unstealthy
A: big wings, horns 1, berserk 1, clumsy 1, fire resistance 1, low mp 1, magic
resistance 1, negative energy resistance 1, electricity resistance, strong 1,
unbreathing, petrification resistance, rot immunity, AC +7
a: Fly, Heroism, Renounce Religion


You were on level 10 of the Dungeon.
You worshipped Okawaru.
Okawaru was pleased with you.
You were very hungry.

You visited 2 branches of the dungeon, and saw 11 of its levels.

You collected 429 gold pieces.
You spent 98 gold pieces at shops.

Inventory:

Hand Weapons
 a - a +2 mace of protection (weapon)
Armour
 c - a +0 shield (worn)
 s - a +0 pair of gloves (worn)
 y - a +0 plate armour (worn)
Jewellery
 e - a ring of sustain attributes (right hand)
 x - a ring of protection from fire (left hand)
 D - a cursed -5 ring of dexterity {unknown}
Wands
 t - a wand of flame (31/48)
 C - a wand of teleportation (5/9)
 K - a wand of confusion (26/48)
Scrolls
 i - 3 scrolls of magic mapping {unknown}
 j - 4 scrolls of remove curse {unknown}
 k - a scroll of enchant weapon {unknown}
 n - 3 scrolls of amnesia {unknown}
 o - a scroll of fear {unknown}
 q - 2 scrolls of teleportation {unknown}
 r - 2 scrolls of random uselessness {unknown}
 u - 9 scrolls of identify {unknown}
 v - a scroll of enchant armour {unknown}
 z - a scroll of immolation {unknown}
 A - a scroll of torment {unknown}
 E - a scroll of noise {unknown}
 I - a scroll of recharging {unknown}
 J - 2 scrolls of blinking {unknown}
Potions
 d - 6 potions of might
 g - a potion of heal wounds {unknown}
 h - 3 potions of haste {unknown}
 l - 4 potions of brilliance
 m - a potion of curing {unknown}
 p - 3 potions of berserk rage
 B - a potion of beneficial mutation {unknown}
 F - 2 potions of agility {unknown}
 H - 2 potions of cure mutation {unknown}
Books
 b - a Young Poisoner's Handbook

   Spells                             Type                      Level
   a - Sting                          Conjuration/Poison           1
   b - Cure Poison                    Poison                       2
   c - Mephitic Cloud                 Conjuration/Poison/Air       3
   d - Olgreb's Toxic Radiance        Poison                       4
   e - Venom Bolt                     Conjuration/Poison           5
 w - a book of Geomancy

   Spells                             Type                      Level
   a - Sandblast                      Earth                        1
   b - Passwall                       Transmutation/Earth          2
   c - Stone Arrow                    Conjuration/Earth            3
   d - Petrify                        Transmutation/Earth          4
   e - Lee's Rapid Deconstruction     Earth                        5
Comestibles
 f - 4 bread rations
 G - a meat ration
 L - a beef jerky
 M - a chunk of flesh


   Skills:
 + Level 8.4 Fighting
 * Level 10.2 Maces & Flails
 + Level 8.6 Armour
 + Level 3.5 Shields


You had 9 spell levels left.
You didn't know any spells.

Dungeon Overview and Level Annotations

Branches:
Dungeon (11/15)            Temple (1/1) D:6
   Lair: D:8-11         Orc: D:9-12

Altars:
Fedhas
Makhleb
Okawaru
Pakellas
Qazlal
Sif Muna
Yredelemnul
Zin
The Shining One

Shops:
D:4 (:::*

Annotations:
D:11 Urug


Innate Abilities, Weirdness & Mutations

You are resistant to torment.
Your stone body is resilient (AC +7).
You are immune to poison.
You resist negative energy.
You are resistant to electric shocks.
You can survive without breathing.
You are immune to petrification.
You are immune to rotting.
Your large and strong wings let you fly indefinitely.
You have a pair of small horns on your head.
You tend to lose your temper in combat.
You are clumsy. (Dex -2)
Your flesh is heat resistant.
Your magical capacity is low (-10% MP).
You are resistant to hostile enchantments.
Your muscles are strong. (Str +2)


Message History

The centaur shoots an arrow.
The arrow hits you but does no damage.
The orc wizard mumbles some strange words.
The orc wizard blinks!
A howler monkey comes into view.
The howler monkey moves out of view.
You block the water moccasin's attack.
The orc wizard casts a spell.
The orc wizard blinks!
You block the water moccasin's attack.
Your plate armour prevents you from hitting the orc wizard.
Your headbutt misses the orc wizard. The water moccasin bites you.
* * * LOW HITPOINT WARNING * * *
You block the orc wizard's attack.
You miss the orc wizard. You headbutt the orc wizard.
The orc wizard is lightly wounded.
You block the water moccasin's attack. You block the orc wizard's attack.
You completely miss the orc wizard.
The orc wizard is lightly wounded.
The water moccasin bites you but does no damage.
The water moccasin bites you.
You die...

...###.## ....#...##
.........##
....(.....####
.....(........
.......§..###
.......(.##
#.......(.###########
##....###o...ocS@o..#
#S##.#
##########......
....#.# ##### .......
.#<#.#.#


You could see a water moccasin, a centaur, 2 orc wizards and an orc.

Vanquished Creatures
  Pikel (D:4)
  A hungry ghost (D:7)
  3 orc warriors
  4 ice beasts
  A sky beast (D:5)
  2 phantoms
  4 ogres
  2 centaurs
  4 giant frogs
  A wyvern zombie (D:8)
  A wyvern skeleton (D:4)
  4 scorpions (D:7)
  A howler monkey (D:5)
  A crimson imp (D:7)
  A centaur zombie (D:5)
  3 hounds
  A jelly (D:7)
  3 orc priests
  2 giant frog skeletons
  2 iguanas
  An iron imp (D:6)
  9 orc wizards
  6 worker ants
  A hound skeleton (D:6)
  A gnoll (D:6)
  7 adders
  2 shadow imps (D:7)
  2 oozes
  2 adder skeletons
  8 worms
  A dart slug (D:3)
  11 giant geckos
  23 orcs
  4 giant cockroaches
  7 goblins
  11 hobgoblins
  12 jackals
  A quokka (D:6)
  5 ball pythons
  8 bats
  2 giant gecko skeletons (D:4)
  7 giant newts
  A goblin skeleton (D:6)
  A goblin zombie (D:6)
  2 hobgoblin zombies (D:6)
  4 kobolds
  A kobold zombie (D:6)
  An orc skeleton (D:6)
  9 rats
192 creatures vanquished.

Vanquished Creatures (others)
  A slave (D:5)
  A giant frog zombie (D:5)
  A worker ant (D:4)
  An orc (D:5)
  A ball python skeleton (D:4)
5 creatures vanquished.

Grand Total: 197 creatures vanquished

Notes
Turn   | Place    | Note
--------------------------------------------------------------
     0 | D:1      | Zhenya25pyc the Gargoyle Fighter began the quest for the Orb.
     0 | D:1      | Reached XP level 1. HP: 14/14 MP: 1/1
   163 | D:1      | Reached XP level 2. HP: 14/19 MP: 2/2
   601 | D:2      | Reached XP level 3. HP: 23/23 MP: 3/3
   778 | D:2      | Reached skill level 3 in Maces & Flails
   975 | D:2      | Reached XP level 4. HP: 26/29 MP: 4/4
  1372 | D:3      | Found a blossoming altar of Fedhas.
  1373 | D:3      | Found a stormy altar of Qazlal.
  1439 | D:3      | Reached XP level 5. HP: 3/33 MP: 5/5
  1815 | D:3      | Reached skill level 4 in Maces & Flails
  2840 | D:4      | Found Sathrergha's General Store.
  2843 | D:4      | Bought a potion of mutation for 35 gold pieces
  2843 | D:4      | Bought a +0 pair of gloves for 63 gold pieces
  2848 | D:4      | Gained mutation: Your flesh is heat resistant. [potion of mutation]
  2848 | D:4      | Gained mutation: You have a pair of small horns on your head. [potion of mutation]
  2848 | D:4      | Gained mutation: You are clumsy. (Dex -2) [potion of mutation]
  2854 | D:4      | Found Zibiheto's Book Boutique.
  2898 | D:4      | Found a basalt altar of Yredelemnul.
  2931 | D:4      | Reached XP level 6. HP: 39/39 MP: 6/6
  3067 | D:4      | Noticed a slave
  3068 | D:4      | Noticed Pikel
  3068 | D:4      | Noticed a slave
  3068 | D:4      | Noticed a slave
  3068 | D:4      | Noticed a slave
  3088 | D:4      | Killed Pikel
  3088 | D:4      | Reached skill level 5 in Fighting
  3088 | D:4      | Reached skill level 6 in Maces & Flails
  3088 | D:4      | Reached skill level 5 in Armour
  3088 | D:4      | Reached XP level 7. HP: 29/44 MP: 7/7
  3191 | D:4      | Upgraded the game from 0.18-a0-1799-g6250cb2 to 0.18-a0-1800-gdc7a371
  3548 | D:4      | Found Voih Fite's Book Boutique.
  3606 | D:4      | Reached XP level 8. HP: 45/51 MP: 8/8
  3614 | D:4      | Found Ahat's Book Shoppe.
  3773 | D:4      | Found Nybos's Weapon Boutique.
  3997 | D:5      | Entered Level 5 of the Dungeon
  4035 | D:5      | Found an oddly glowing altar of Pakellas.
  4217 | D:5      | Reached skill level 7 in Maces & Flails
  4236 | D:5      | Gained mutation: Your magical capacity is low (-10% MP). [mutagenic meat]
  4237 | D:5      | Gained mutation: Your large and strong wings let you fly indefinitely. [mutagenic meat]
  4238 | D:5      | Gained mutation: Your muscles are strong. (Str +2) [mutagenic meat]
  4239 | D:5      | Gained mutation: You are resistant to hostile enchantments. [mutagenic meat]
  4240 | D:5      | Gained mutation: You tend to lose your temper in combat. [mutagenic meat]
  4465 | D:5      | Found an oddly glowing altar of Pakellas.
  4580 | D:5      | Reached skill level 8 in Maces & Flails
  4676 | D:5      | Found a glowing silver altar of Zin.
  4771 | D:5      | Reached XP level 9. HP: 36/56 MP: 8/8
  5208 | D:6      | Found a glowing golden altar of the Shining One.
  5305 | D:6      | Found a staircase to the Ecumenical Temple.
  5314 | D:6      | Found a burning altar of Makhleb.
  5322 | Temple   | Entered the Ecumenical Temple
  5337 | Temple   | Became a worshipper of Warmaster Okawaru
  5464 | D:6      | Found a glowing golden altar of the Shining One.
  5465 | D:6      | Found a deep blue altar of Sif Muna.
  5591 | D:6      | Reached skill level 9 in Maces & Flails
  6085 | D:7      | Reached * piety under Okawaru
  6852 | D:7      | Reached XP level 10. HP: 20/64 MP: 9/9
  6857 | D:7      | Reached skill level 10 in Maces & Flails
  6885 | D:7      | Reached ** piety under Okawaru
  7288 | D:8      | You fall through a shaft for 2 floors!
  7288 | D:10     | Entered Level 10 of the Dungeon
  7319 | D:11     | Noticed Urug
  7333 | D:10     | Slain by a water moccasin

Vault maps used:
D:1:      mrwooster_arrival_statue, hangedman_decor_riveting
D:3:      grunt_temple_overflow_forces_of_nature
D:4:      marbit_many_paths, serial_shops, nicolae_shop_stone,
          nicolae_shop_behind_doors, nicolae_shop_crystal,
          nicolae_shop_behind_doors, shop, minmay_lizard_king, uniq_pikel
D:5:      zin_scriptorium, old_standard_altar, first_bread, st_stairs_10,
          grunt_pakellas_basics
D:6:      minitemple, minmay_temple_entry_glassed_door, basic_altar,
          st_stairs_1, nicolae_tso_besieged_by_evil
D:8:      grunt_temple_overflow_open, uniq_grum, uniq_erica, uniq_maurice
D:10:     nicolae_trove_entry_diagonal, grunt_livestock, st_stairs_13,
          nicolae_for_you_no_charge
D:11:     minmay_lair_entry_lava, lab_entry_generic, serial_shops,
          nicolae_shop_waterfront, shop, uniq_urug
Temple:   bh_familiar_temple

Skill      XL: |  1  2  3  4  5  6  7  8  9 10 |
---------------+-------------------------------+-----
Maces & Flails | 3 4 6 8 9 10 | 10.2
Fighting       | 4 5 6 8 |  8.4
Armour         | 4 5 7 8 |  8.6
Shields        | |  3.5

Action                   |  1- 3 |  4- 6 |  7- 9 | 10-12 || total
-------------------------+-------+-------+-------+-------++-------
Melee: Flail             |   113 |   257 |   428 |       ||   798
       Headbutt          |       |     4 |    92 |    11 ||   107
       Mace              |       |       |    55 |    58 ||   113
  Use: Potion            |       |     1 |       |     2 ||     3
  Eat: Chunk             |       |     7 |    22 |       ||    29
       Beef jerky        |       |       |       |     1 ||     1
Armor: Scale mail        |    63 |   150 |    73 |       ||   286
       Plate armour      |       |       |   199 |    36 ||   235
Dodge: Dodged            |    34 |    75 |    85 |    10 ||   204
Block: Shield            |    62 |   108 |   190 |    30 ||   390
